 Dungeon Crawl Stone Soup version 0.27.1 (webtiles) character file.

Game seed: 4711344744529411364

1615 ZARRMARR the Magician (level 8, 0/46 HPs)
             Began as an Octopode Conjurer on Sept 5, 2021.
             Was a Follower of Sif Muna.
             Slain by an orc warrior (10 damage)
             ... on level 7 of the Dungeon.
             The game lasted 00:26:09 (7539 turns).

ZARRMARR the Magician (Octopode Conjurer)           Turns: 7539, Time: 00:26:10

Health: 0/46       AC:  9    Str:  5 (6)  XL:     8   Next: 96%
Magic:  17/19      EV: 14    Int: 19 (22) God:    Sif Muna [*.....]
Gold:   222        SH:  0    Dex:  8 (11) Spells: 18/21 levels left

rFire    . . .     SeeInvis .   i - +4 double sword
rCold    . . .     Faith    .   (no shield)
rNeg     . . .     Spirit   .   (helmet restricted)
rPois    .         Reflect  .   (no amulet)
rElec    .         Harm     .   h - +4 ring of protection
rCorr    .         Rampage  .   s - +4 ring of protection
Will     +....                  z - ring of willpower
Stlth    +++.......             (no ring)
HPRegen  0.15/turn              (no ring)
MPRegen  0.16/turn              (no ring)
                                (no ring)
                                (no ring)

@: no status effects
A: almost no armour, amphibious, 8 rings, camouflage 1, gelatinous body 1,
(nimble swimmer 1), tentacles
a: Renounce Religion, Channel Magic


You were on level 7 of the Dungeon.
You worshipped Sif Muna.
Sif Muna was aware of your devotion.
You visited 2 branches of the dungeon, and saw 8 of its levels.

You collected 222 gold pieces.

Inventory:

Hand Weapons
 f - a +2 whip of electrocution
 i - a +4 double sword (weapon)
Missiles
 w - a throwing net (quivered)
Armour
 x - a +0 kite shield
Jewellery
 h - a +4 ring of protection (left tentacle)
 s - a +4 ring of protection (right tentacle)
 z - a ring of willpower (on tentacle)
Wands
 e - a wand of paralysis (5)
Scrolls
 a - 8 scrolls of identify {unknown}
 b - a scroll of enchant armour
 c - a scroll of vulnerability {unknown}
 g - a scroll of immolation {unknown}
 l - a scroll of brand weapon {unknown}
 m - 2 scrolls of fear {unknown}
 n - a scroll of amnesia
 r - 4 scrolls of teleportation {unknown}
 u - a scroll of silence {unknown}
 v - a scroll of magic mapping {unknown}
 y - a scroll of fog {unknown}
Potions
 d - 2 potions of cancellation
 j - 2 potions of flight {unknown}
 k - a potion of mutation {unknown}
 o - 2 potions of might {unknown}
 p - 2 potions of degeneration
 q - 2 potions of magic {unknown}
 t - 2 potions of haste {unknown}


   Skills:
 - Level 6.7 Dodging
 - Level 2.6 Stealth
 + Level 4.1 Shields
 + Level 7.3 Spellcasting
 - Level 4.0 Conjurations


You had 18 spell levels left.
You knew the following spells:

 Your Spells              Type           Power      Damage    Failure   Level
a - Magic Dart            Conj           88%        1d7       1%          1
b - Searing Ray           Conj           44%        3d4       2%          2

Your spell library contained the following spells:

 Spells                   Type           Power      Damage    Failure   Level
 Dazzling Flash           Conj/Hex       28%        N/A       13%         3
 Fulminant Prism          Conj/Hex       7%         3d7       38%         4
 Iskenderun's Mystic Bla  Conj/Tloc      14%        2d5       38%         4


Dungeon Overview and Level Annotations

Branches:
Dungeon (7/15)             Temple (1/1) D:5

Altars:
Cheibriados
Elyvilon
Fedhas
Gozag
Hepliaklqana
Kikubaaqudgha
Makhleb
Nemelex Xobeh
Okawaru
Ru
Sif Muna
Trog
Uskayaw
Vehumet
Wu Jian
Xom
Yredelemnul
Zin

Annotations:
D:5 1 runed translucent door, exclusion: black bear, Menkaure; Sigmund; acemry's ghost, novice MiFi
D:6 Duvessa
D:7 Harold


Innate Abilities, Weirdness & Mutations

You cannot wear most types of armour.
You are amphibious.
You can wear up to eight rings at the same time.
Your skin changes colour to match your surroundings (Stealth+).
Your rubbery body absorbs attacks. (AC +1, EV +1)
((You are camouflaged near water. (Stealth+)))
You have tentacles for arms and can constrict up to eight enemies at once.


Message History

Aim: an orc warrior, wielding a +0 war axe and wearing a +0 plate armour (100% to hit)
The magic dart hits the shadow imp.
The shadow imp is severely wounded.
Unknown command.
You hit the shadow imp. Your grab misses the shadow imp.
You squeeze the shadow imp.
The shadow imp is almost dead.
The shadow imp gestures at you. You resist with some effort.
You hit the shadow imp.
You kill the shadow imp!
Sif Muna accepts your kill.
Harold throws a throwing net.
The throwing net hits you.
You become entangled in the net!
The orc warrior suddenly yells.
You struggle against the net.
The wight hits you with a +1 great sword.
You feel drained.
You tear a large gash into the net.
The wight barely misses you.
You riposte.
You barely miss the wight. You grab the wight.
The wight is moderately damaged.
You rip the net and break free!
You constrict the wight. The wight misses you.
You riposte.
You hit the wight.
The wight is moderately damaged.
Unknown command.
Unknown command.
You slash the wight!
You destroy the wight!
Sif Muna accepts your kill.
The orc warrior hits you with a +0 war axe!
Your life force feels restored.
You barely miss the orc warrior. Your grab misses the orc warrior.
The orc warrior hits you with a +0 war axe!
* * * LOW HITPOINT WARNING * * *
Unknown command.
It was a potion of degeneration.
There was something very wrong with that liquid.
You feel weakened.
You feel dopey.
You feel clumsy.
The orc warrior hits you with a +0 war axe!
You die...

#......(.##
#.......## #...
#. #....##.#
:.....#
...######.#
....... ... #
#.## ..#.... ...
#.#..# .......
..
####....##.....#
.........#o@..#
.........)@#
.....#####...#
..... ##### ####


You could see Harold and an orc warrior.

Vanquished Creatures
  Eustachio (D:6)
  2 sky beasts (D:6)
  A black bear (D:5)
  2 ogres
  2 centaurs
  A phantom (D:5)
  3 scorpions (D:6)
  A wight (D:7)
  2 bullfrog zombies
  2 centaur zombies
  2 hounds
  A centaur skeleton (D:7)
  2 jellies
  Ijyb (D:3)
  3 iguanas
  A killer bee zombie (D:7)
  A hound skeleton (D:5)
  7 adders
  A shadow imp (D:7)
  2 worms (D:4)
  6 dart slugs
  6 orcs
  5 ball pythons
  4 bats
  9 endoplasms
  2 giant cockroaches
  5 hobgoblins
  12 jackals
  5 kobolds
  A quokka (D:2)
  2 frilled lizards
  9 goblins
  A quokka skeleton (D:3)
  7 rats
112 creatures vanquished.

Vanquished Creatures (others)
  2 plants (D:2)
  2 withered plants (D:5)
4 creatures vanquished.

Grand Total: 116 creatures vanquished

Notes
Turn   | Place    | Note
-------+----------+-------------------------------------------
     0 | D:1      | ZARRMARR the Octopode Conjurer began the quest for the Orb.
     0 | D:1      | Reached XP level 1. HP: 11/11 MP: 3/3
   193 | D:1      | Found a faded altar of an unknown god.
   211 | D:1      | Reached XP level 2. HP: 15/17 MP: 0/5
   959 | D:2      | Reached XP level 3. HP: 21/21 MP: 4/6
  1275 | D:2      | Reached skill level 3 in Spellcasting
  1323 | D:2      | Noticed an ogre
  1414 | D:2      | Reached XP level 4. HP: 27/27 MP: 6/8
  2124 | D:3      | Noticed Ijyb
  2131 | D:3      | Killed Ijyb
  2132 | D:3      | Reached XP level 5. HP: 23/31 MP: 6/10
  2459 | D:3      | You fall into a shaft and drop 3 floors!
  2465 | D:5      | Entered Level 5 of the Dungeon
  2600 | D:5      | Reached skill level 4 in Spellcasting
  2644 | D:5      | Found a staircase to the Ecumenical Temple.
  2656 | Temple   | Entered the Ecumenical Temple
  2876 | Temple   | Became a worshipper of Sif Muna the Loreminder
  2958 | D:5      | Reached XP level 6. HP: 36/36 MP: 10/12
  2971 | D:5      | Noticed a black bear
  3024 | D:5      | Reached skill level 5 in Dodging
  3232 | D:5      | Noticed Menkaure
  3356 | D:5      | Noticed a black bear
  3366 | D:5      | Killed a black bear
  3367 | D:5      | Reached skill level 5 in Spellcasting
  3367 | D:5      | Reached XP level 7. HP: 41/41 MP: 14/14
  3408 | D:5      | Noticed Sigmund
  3451 | D:5      | Found a runed translucent door.
  3452 | D:5      | Noticed acemry's ghost (novice MiFi)
  5626 | D:5      | Found a sparkling altar of Nemelex Xobeh.
  5628 | D:5      | Found an ancient bone altar of Kikubaaqudgha.
  5632 | D:5      | Found a radiant altar of Vehumet.
  6328 | D:6      | Reached skill level 6 in Spellcasting
  6328 | D:6      | Reached XP level 8. HP: 44/46 MP: 15/17
  6579 | D:6      | Reached skill level 1 in Shields
  6747 | D:6      | Noticed Eustachio
  6752 | D:6      | Killed Eustachio
  6752 | D:6      | Reached * piety under Sif Muna
  6799 | D:6      | Reached skill level 7 in Spellcasting
  7219 | D:6      | Noticed Duvessa
  7286 | D:6      | Learned a level 2 spell: Searing Ray
  7530 | D:7      | Noticed Harold
  7539 | D:7      | Slain by an orc warrior

Illustrated notes

Levels and vault maps discovered:
D:1:      giann_bridges, layout_basic, ebering_ecumenical_altar_box
D:2:      cheibrodos_old_hovel, layout_rooms, chequers_serial_rivers_marsh
D:3:      layout_loops_ring, uniq_ijyb
D:4:      layout_basic
D:5:      layout_cave_pods, grunt_temple_overflow_open,
          minmay_temple_entry_junction_2, gammafunk_ghost_grave,
          supply_closet_lemuel, uniq_edmund, uniq_sigmund, uniq_menkaure
D:6:      layout_cave_pools, nicolae_dithmenos_through_a_glass_darkly,
          kennysheep_generic_room_7, uniq_duvessa, uniq_eustachio
D:7:      layout_gridville, minmay_manual_moon, uniq_harold
Temple:   regret_index_temple_generic_petals

Skill      XL: |  1  2  3  4  5  6  7  8 |
---------------+-------------------------+-----
Dodging        | 3 4 5 6 |  6.7
Spellcasting   | 3 4 5 6 7 |  7.3
Shields        | 4 |  4.1
Stealth        | |  2.6
Conjurations   | |  4.0

Action                   |  1- 3 |  4- 6 |  7- 9 || total
-------------------------+-------+-------+-------++-------
Melee: Unarmed           |     3 |       |       ||     3
       Double sword      |    23 |    58 |    69 ||   150
       Constrict         |     8 |     8 |    12 ||    28
       Tentacles         |     1 |     5 |     9 ||    15
 Cast: Magic Dart        |    60 |    58 |    98 ||   216
Evoke: Wand              |       |     3 |       ||     3
  Use: Scroll            |     4 |     2 |     1 ||     7
       Potion            |       |     2 |     2 ||     4
 Stab: Sleeping          |       |     1 |     1 ||     2
       Paralysed         |       |     4 |       ||     4
Armor: Skin              |    12 |    15 |    37 ||    64
Dodge: Dodged            |    20 |    39 |    92 ||   151
       Rpst.: Double sword |     8 |    11 |    23 ||    42
